 Dungeon Crawl Stone Soup version 0.30-a0-341-g682706514a (webtiles) character file.

Game seed: 7881607469460315284

8600 billz999 the Fighter (level 11, -6/110 HPs)
             Began as a Grey Draconian Hunter on Nov 1, 2022.
             Was an Initiate of Gozag.
             Mangled by an Executioner (7 damage)
             ... on level 1 of the Abyss on Nov 3, 2022.
             The game lasted 00:33:49 (10121 turns).

billz999 the Fighter (Grey Draconian Hunter)       Turns: 10121, Time: 00:33:50

Health: -6/110     AC: 18    Str: 13    XL:     11   Next: 12%
Magic:  19/19      EV: 14    Int: 16    God:    Gozag
Gold:   1536       SH:  0    Dex: 19    Spells: 20/20 levels left

rFire   . . .      SeeInvis .    a - +2 arbalest
rCold   . . .      Faith    .    (shield currently unavailable)
rNeg    . . .      Spirit   .    (body armour unavailable)
rPois   .          Reflect  .    (helmet restricted)
rElec   .          Harm     .    j - +0 cloak
rCorr   .          Rampage  .    G - +0 pair of gloves
Will    .....                    (no boots)
Stlth   ++........               C - amulet of the acrobat
HPRegen 0.38/turn                t - +4 ring of protection
MPRegen 0.16/turn                u - +6 ring of intelligence

@: no status effects
A: AC +12, amphibious, unfitting armour, cold-blooded, deterioration 1
a: Renounce Religion, Potion Petition, Call Merchant, Bribe Branch


You were on level 1 of the Abyss.
You worshipped Gozag.
Gozag was most pleased with you.
You visited 3 branches of the dungeon, and saw 12 of its levels.
You visited the Abyss 1 time.

You collected 1601 gold pieces.
You paid 65 gold pieces to Gozag.

Inventory:

Hand Weapons
 a - a +2 arbalest (weapon)
 c - a +0 dagger
 f - the +3 Elemental Staff {rElec rF++ rC++ AC+5}
   (You took it off a deep elf pyromancer on level 8 of the Dungeon)

   If the wielder is skilled in Evocations, they can discharge powerful blasts
   of elemental energy when striking with it.
   It enhances your fire, ice, earth and air magic.
   AC:        It affects your AC (+5).
   rF:        It greatly protects you from fire.
   rC:        It greatly protects you from cold.
   rElec:     It insulates you from electricity.
 h - a +4 dagger
 x - a +0 shortbow
 B - a +2 whip of freezing
Missiles
 l - a datura-tipped dart
 A - 18 poisoned darts
Armour
 g - a +1 pair of gloves
 j - a +0 cloak (worn)
 v - a scarf of harm
 G - a +0 pair of gloves (worn)
Jewellery
 i - an amulet of faith
 t - a +4 ring of protection (left hand)
 u - a +6 ring of intelligence (right hand)
 C - an amulet of the acrobat (around neck)
Wands
 p - a wand of iceblast (4)
 y - a wand of flame (10)
Scrolls
 b - 2 scrolls of immolation
 e - 2 scrolls of identify
 k - a scroll of poison
 m - a scroll of enchant armour
 r - a scroll of vulnerability
 z - 3 scrolls of amnesia
 L - a scroll of noise
Potions
 d - a potion of attraction {unknown}
 n - a potion of curing
 o - 2 potions of flight
 q - 2 potions of ambrosia
 s - a potion of lignification
 w - 3 potions of invisibility
 D - 3 potions of brilliance {unknown}
 F - 2 potions of haste {unknown}
 K - 3 potions of mutation


   Skills:
 - Level 14.0 Fighting
 - Level 9.2 Ranged Weapons
 + Level 4.1 Dodging
 - Level 0.8 Stealth
 * Level 5.3 Spellcasting


You had 20 spell levels left.
You didn't know any spells.
Your spell library contained the following spells:

 Spells                   Type           Power      Damage    Failure   Level
 Summon Small Mammal      Summ           16%        N/A       14%         1
 Ensorcelled Hibernation  Hex/Ice        8%         N/A       22%         2
 Scorch                   Fire           8%         2d5       22%         2
 Call Canine Familiar     Summ           4%         N/A       41%         3
 Portal Projectile        Hex/Tloc       8%         N/A       41%         3
 Spider Form              Tmut/Pois      4%         N/A       41%         3
 Summon Guardian Golem    Hex/Summ       4%         N/A       41%         3
 Tukima's Dance           Hex            4%         N/A       41%         3
 Anguish                  Hex/Necr       2%         N/A       82%         4
 Flame Wave               Conj/Fire      4%         2d5       82%         4
 Leda's Liquefaction      Hex/Erth       2%         N/A       82%         4
 Blade Hands              Tmut           2%         N/A       99%         5
 Lee's Rapid Deconstruct  Erth           2%         3d4*      99%         5
 Statue Form              Tmut/Erth      2%         N/A       100%        6
 Summon Cactus Giant      Summ           2%         N/A       100%        6


Dungeon Overview and Level Annotations

Branches:
Dungeon (10/15)            Temple (1/1) D:5            Lair (1/5) D:8
    Orc (0/2) D:9

Altars:
Ashenzari
Cheibriados
Dithmenos
Elyvilon
Fedhas
Gozag
Hepliaklqana
Kikubaaqudgha
Makhleb
Nemelex Xobeh
Okawaru
Qazlal
Ru
Sif Muna
Trog
Uskayaw
Vehumet
Wu Jian
Xom
Yredelemnul
Zin
The Shining One

Shops:
D:2 :   D:7 [

Annotations:
D:9 1 runed translucent door, croobank's ghost, novice DsFE
D:10 exclusion: obsidian statue, Erolcha
Lair:1 Amaemon


Innate Abilities, Weirdness & Mutations

Your dull iron-grey scales are very hard. (AC +12)
You are amphibious.
You cannot fit into any form of body armour.
You are cold-blooded and may be slowed by cold attacks.
Your body sometimes deteriorates upon taking damage.


Message History

The Executioner misses you.
Unknown command.
The Executioner attacks as you move away!
The Executioner barely misses you.
The Executioner hits you but does no damage. x3
The Executioner completely misses you. The Executioner closely misses you.
The neqoxec gestures at you.
Something tries to feed on your intellect!
The Executioner hits you!!
* * * LOW HITPOINT WARNING * * *
The Executioner misses you. x2
The Executioner hits you but does no damage. x2
The Executioner barely misses you. The Executioner hits you!
* * * LOW HITPOINT WARNING * * *
The Executioner barely misses you. The Executioner hits you.
* * * LOW HITPOINT WARNING * * *
Unknown command.
The Executioner hits you but does no damage.
The Executioner misses you. The Executioner barely misses you.
The Executioner closely misses you. x2
The Executioner hits you but does no damage.
There is a gateway leading deeper into the Abyss here.
The Executioner closely misses you.
The Executioner hits you but does no damage.
The Executioner closely misses you.
The Executioner hits you but does no damage.
The Executioner completely misses you. x2
The Executioner closely misses you.
The Executioner hits you but does no damage.
The Executioner completely misses you. The Executioner closely misses you.
The Executioner misses you. x2
Okay, then.
You are too injured to fight recklessly!
You shoot a bolt. The bolt misses the Executioner.
The Executioner hits you!
* * * LOW HITPOINT WARNING * * *
The Executioner misses you. The Executioner hits you.
* * * LOW HITPOINT WARNING * * *
The Executioner hits you!
You die...
Your body crumbles into a pile of gold.

# .##. . .. ...
#.# .. ##.# .#.
.### .
##...##.#.......
..
#.......#......
###. #.....#@.#
#.... .
#..#.1#.#.... .
#. #....#>###..
.. #
###.#3##.#....
#..# #.
#.#..>...... .
#..#.#####. .
#.#..###.....x.
. #.# ... ...#.
. # ##.. # ..# .
#.


You could see an Executioner (fast) and a neqoxec.

Vanquished Creatures
  A deep elf pyromancer (D:8)
  A black mamba (Lair:1)
  A cane toad (Lair:1)
  A gargoyle (D:8)
  An efreet (D:8)
  2 komodo dragons (Lair:1)
  A wraith (D:9)
  A basilisk (Lair:1)
  8 yaks
  4 steam dragons
  A warg (D:9)
  3 water moccasins
  An ice beast (D:6)
  A black bear (D:6)
  An orc warrior (D:9)
  A sky beast (D:8)
  4 ogres
  6 starcursed masses (Abyss:1)
  2 centaurs
  A kobold brigand (D:9)
  3 bullfrogs
  3 gnoll sergeants (D:9)
  3 scorpions
  A necrophage (D:4)
  5 wights (D:7)
  4 electric eels (D:6)
  3 howler monkeys
  5 hounds
  4 jellies
  6 orc priests
  A gnoll bouda (D:5)
  6 orc wizards
  2 iguanas
  29 gnolls
  8 adders
  2 white imps
  4 worms
  4 dart slugs
  24 orcs
  6 ball pythons
  8 endoplasms
  4 giant cockroaches
  12 goblins
  5 hobgoblins
  A quokka (D:2)
  4 bats
  A frilled lizard (D:1)
  10 kobolds
  7 rats
217 creatures vanquished.

Vanquished Creatures (others)
  2 ice devils (D:8)
  7 fungi
  17 plants
  2 withered plants (D:9)
28 creatures vanquished.

Grand Total: 245 creatures vanquished

Notes
Turn   | Place    | Note
-------+----------+-------------------------------------------
     0 | D:1      | billz999 the Draconian Hunter began the quest for the Orb.
     0 | D:1      | Reached XP level 1. HP: 17/17 MP: 1/1
    60 | D:1      | Reached XP level 2. HP: 25/25 MP: 2/2
   172 | D:1      | Reached skill level 3 in Fighting
   632 | D:2      | Reached XP level 3. HP: 16/31 MP: 3/3
   769 | D:2      | Gained mutation: Your body sometimes deteriorates upon
                  | taking damage. [potion of mutation]
   773 | D:2      | Reached skill level 4 in Fighting
   922 | D:2      | Reached XP level 4. HP: 40/40 MP: 4/4
  1198 | D:2      | Found Kanireone's Book Emporium.
  1885 | D:3      | Reached XP level 5. HP: 47/47 MP: 5/5
  2077 | D:4      | Reached skill level 5 in Fighting
  2314 | D:4      | Reached skill level 6 in Fighting
  2314 | D:4      | Reached XP level 6. HP: 57/57 MP: 6/6
  2414 | D:5      | Entered Level 5 of the Dungeon
  2674 | D:5      | Reached skill level 5 in Ranged Weapons
  2790 | D:5      | Reached skill level 7 in Fighting
  2790 | D:5      | Your scales start taking on a dull iron-grey colour.
  2790 | D:5      | Reached XP level 7. HP: 60/66 MP: 7/7
  2885 | D:5      | Found a staircase to the Ecumenical Temple.
  2933 | Temple   | Entered the Ecumenical Temple
  3085 | Temple   | Became a worshipper of Gozag Ym Sagoz the Greedy
  3263 | D:5      | Reached skill level 8 in Fighting
  3617 | D:5      | Reached XP level 8. HP: 75/75 MP: 8/8
  3622 | D:5      | Found a sparkling altar of Nemelex Xobeh.
  3627 | D:5      | Found a blossoming altar of Fedhas.
  3634 | D:5      | Found a snail-covered altar of Cheibriados.
  3640 | D:5      | Found a broken altar of Ashenzari.
  3647 | D:5      | Found a shimmering blue altar of Sif Muna.
  3653 | D:5      | Found a shimmering altar of Xom.
  3664 | D:5      | Found a sacrificial altar of Ru.
  4079 | D:6      | Reached skill level 9 in Fighting
  4313 | D:6      | Reached skill level 10 in Fighting
  5020 | D:7      | Reached XP level 9. HP: 58/84 MP: 9/9
  5205 | D:7      | Reached skill level 11 in Fighting
  5337 | D:7      | Found Feczul Yngot's Antique Armour Boutique.
  5603 | D:7      | Found a white marble altar of Elyvilon.
  5609 | D:7      | Found a burning altar of Makhleb.
  5614 | D:7      | Found a stormy altar of Qazlal.
  5811 | D:8      | Noticed an ice devil
  5882 | D:8      | Noticed an efreet
  5887 | D:8      | Killed an efreet
  5934 | D:8      | Noticed a deep elf pyromancer
  5938 | D:8      | Killed a deep elf pyromancer
  5939 | D:8      | Reached skill level 12 in Fighting
  6021 | D:8      | Killed an ice devil
  6373 | D:8      | Noticed a rime drake
  6374 | D:8      | Noticed a gargoyle
  6390 | D:8      | Found a staircase to the Lair.
  6449 | D:8      | Noticed an ice devil
  6466 | Lair:1   | Entered Level 1 of the Lair of Beasts
  6466 | Lair:1   | Noticed a cane toad
  6477 | Lair:1   | Killed a cane toad
  6478 | Lair:1   | Reached skill level 13 in Fighting
  6478 | Lair:1   | Reached XP level 10. HP: 28/101 MP: 10/10
  6775 | Lair:1   | Noticed a black mamba
  6780 | Lair:1   | Killed a black mamba
  6916 | Lair:1   | Noticed Amaemon
  6916 | Lair:1   | Noticed an orange demon
  7445 | D:8      | Killed a gargoyle
  7446 | D:8      | Reached skill level 14 in Fighting
  7935 | D:8      | Found a basalt altar of Yredelemnul.
  7960 | D:8      | Reached skill level 1 in Spellcasting
  8108 | D:8      | Found a bloodstained altar of Trog.
  8835 | D:9      | Found a runed translucent door.
  8835 | D:9      | Noticed croobank's ghost (novice DsFE)
  9053 | D:9      | Found a staircase to the Orcish Mines.
  9303 | D:9      | Reached XP level 11. HP: 107/110 MP: 16/18
  9723 | D:10     | Entered Level 10 of the Dungeon
  9854 | D:10     | Noticed an obsidian statue
  9858 | D:10     | Noticed a soul eater
  9858 | D:10     | Noticed a sun demon
  9971 | D:10     | Noticed Erolcha
  9975 | Abyss:1  | Cast into level 1 of the Abyss (Erolcha)
 10061 | Abyss:1  | Noticed a starcursed mass
 10070 | Abyss:1  | Reached skill level 5 in Spellcasting
 10083 | Abyss:1  | Killed a starcursed mass
 10108 | Abyss:1  | Noticed an Executioner
 10121 | Abyss:1  | HP: 5/110 [Executioner (11)]
 10121 | Abyss:1  | HP: 1/110 [Executioner (4)]
 10121 | Abyss:1  | Mangled by an Executioner

Illustrated notes

Levels and vault maps discovered:
D:1:      scummos_arrival_forest, layout_basic
D:2:      layout_rooms, serial_shops, shop
D:3:      layout_basic, minmay_close_crescents
D:4:      layout_gridville, serial_glass, glass_columns_a, glass_columns_a
D:5:      layout_cave_pods, grunt_temple_overflow_octagram,
          minmay_temple_entry_large_hall
D:6:      layout_rooms, serial_bayou, serial_bayou_lake_a,
          serial_bayou_lagoon_a, serial_bayou_pond_a, serial_bayou_ford_a
D:7:      layout_gridville, grunt_temple_overflow_diamond, serial_shops, shop
D:8:      layout_basic, mainiacjoe_overflow_big_doors, dpeg_oklobed_lair,
          dilly_guarded_unrand_elemental_staff
D:9:      layout_basic, erik_orc_3, gammafunk_ghost_grave
D:10:     layout_gridville, minivault_16, chequers_serial_rivers_micro_c,
          minmay_misc_feat_five, uniq_erolcha, uniq_fannar
Temple:   eino_temple_lava
Lair:1:   layout_roguey, uniq_amaemon
Abyss:1:  base: D:13, minivault_22, hangedman_abyss_or_decor_stabs,
          hangedman_abyss_or_decor_stabs, base:
D:13

Skill      XL: |  1  2  3  4  5  6  7  8  9 10 11 |
---------------+----------------------------------+-----
Fighting       | 3 4 6 7 8 10 13 14 | 14.0
Ranged Weapons | 4 5 6 7 8 9 |  9.2
Dodging        | 3 4 |  4.1
Spellcasting   | 4 5 |  5.3
Stealth        | |  0.8

Action                   |  1- 3 |  4- 6 |  7- 9 | 10-12 || total
-------------------------+-------+-------+-------+-------++-------
Melee: Dagger            |     3 |    18 |       |     2 ||    23
       Punch             |     1 |       |       |       ||     1
       Tailslap          |       |     2 |     2 |     4 ||     8
       Whip              |       |     1 |    10 |     1 ||    12
       Staff             |       |       |       |    23 ||    23
 Fire: Shortbow          |    78 |   130 |   277 |   323 ||   808
       Arbalest          |       |       |       |    94 ||    94
Throw: Dart              |       |     1 |     4 |     1 ||     6
Evoke: Wand              |       |     5 |    45 |    11 ||    61
  Use: Scroll            |     3 |       |     6 |    11 ||    20
       Potion            |     3 |       |     3 |    14 ||    20
 Stab: Distracted        |       |       |       |     1 ||     1
Armor: Skin              |    29 |    19 |    99 |   189 ||   336
Dodge: Dodged            |    54 |    27 |   121 |   261 ||   463

Table legend: (Time is in decaauts)
 A = Elapsed time spent in this place.
 B = Non-inter-level travel time spent in this place.
 C = Inter-level travel time spent in this place.
 D = Time resting spent in this place.
 E = Time spent auto-exploring this place.
 F = Levels seen in this place.
 G = Mean time per level.
                   A        B        C        D        E       F      G
               +--------+--------+--------+--------+--------+-----+--------+
         Total |  10299 |   9760 |    539 |   1324 |   6492 |  13 |  792.2 |
       Dungeon |   9039 |   8574 |    465 |    865 |   5999 |  10 |  903.9 |
        Temple |    160 |    148 |     12 |      0 |    143 |   1 |  160.0 |
          Lair |    942 |    880 |     62 |    459 |    244 |   1 |  942.0 |
         Abyss |    156 |    156 |      0 |      0 |    106 |   1 |  156.0 |
               +--------+--------+--------+--------+--------+-----+--------+

Top non-repeatable levels by time:
     D:8: 1807 daAuts
     D:5: 1422 daAuts
     D:9: 1372 daAuts
     D:7: 1032 daAuts
  Lair:1: 942 daAuts
     D:2: 777 daAuts
     D:6: 717 daAuts
     D:1: 708 daAuts
     D:3: 618 daAuts
     D:4: 406 daAuts
    D:10: 178 daAuts
  Temple: 160 daAuts
 Abyss:1: 156 daAuts
